 Dungeon Crawl Stone Soup version 0.30.0-5-g1a98f26d00 (webtiles) character file.

Game seed: 16170728196661539062

610 RascalDebosk the Magician (level 7, -11/50 HPs)
             Began as a Djinni Earth Elementalist on May 12, 2023.
             Was an Initiate of Ashenzari.
             Mangled by Duvessa
             ... wielding a +0 rapier
              (17 damage)
             ... on level 4 of the Dungeon on May 13, 2023.
             The game lasted 00:35:13 (3558 turns).

RascalDebosk the Magician (DjEE)                    Turns: 3558, Time: 00:35:14

Health: -11/50     AC:  3    Str:  7    XL:     7   Next: 72%
Gold:   81         EV: 12    Int: 19    God:    Ashenzari [......] SH:  0 Dex: 16

rFire   + + +        s - +0 dagger
rCold   x x .        (no shield)
rNeg    + + .        a - +0 robe
rPois   ∞            b - +0 helmet
rElec   .            (no cloak)
rCorr   .            (no gloves)
SInv    +            (boots unavailable)
Will    .....        (no amulet)
Stlth   ++           f - ring of positive energy
HPRegen 0.28/turn    i - ring of Trepidation {rF++ rC- rN+ Dex+3 SInv}
MPRegen 0.00/turn

%: infuse magic (-12 HP)
@: flying, very slightly contaminated
A: sickness immunity, fire resistance 2, cold vulnerability 1, float, innate
caster, HP casting, extra vitality 1
a: Renounce Religion


You were on level 4 of the Dungeon.
You worshipped Ashenzari.
Ashenzari was noncommittal.
You visited 2 branches of the dungeon, and saw 5 of its levels.

You collected 81 gold pieces.

Inventory:

Hand Weapons
 s - a +0 dagger (weapon)
Armour
 a - a +0 robe (worn)
 b - a +0 helmet (worn)
 u - a +0 ring mail
Jewellery
 f - a ring of positive energy (left hand)
 g - a ring of protection from fire
 i - the ring of Trepidation (right hand) {rF++ rC- rN+ Dex+3 SInv}
   (You found it on level 2 of the Dungeon)

   [ring of positive energy]

   Dex:       It affects your dexterity (+3).
   rF:        It greatly protects you from fire.
   rC:        It makes you vulnerable to cold.
   rN:        It protects you from negative energy.
   SInv:      It lets you see invisible.
Wands
 l - a wand of roots (3)
 t - a wand of light (5)
Scrolls
 c - 3 scrolls of teleportation {unknown}
 h - 2 scrolls of silence {unknown}
 j - 3 scrolls of identify {unknown}
 k - a scroll of vulnerability {unknown}
 m - 2 scrolls of blinking {unknown}
 o - a scroll of noise {unknown}
 p - a scroll of poison {unknown}
 r - a scroll of immolation {unknown}
Potions
 d - a potion of invisibility {unknown}
 e - 2 potions of curing {unknown}
 n - a potion of mutation {unknown}
 q - 2 potions of heal wounds {unknown}


   Skills:
 * Level 3.6 Fighting
 + Level 2.2 Armour
 - Level 2.1 Dodging
 - Level 1.5 Stealth
 * Level 4.9 Spellcasting
 + Level 2.3 Evocations


You knew the following spells:

 Your Spells              Type           Power      Damage    Failure   Level
a - Sandblast             Erth           46%        2d11      1%          1
b - Passwall              Tmut/Erth      19%        N/A       2%          2
c - Stone Arrow           Conj/Erth      46%        3d9       4%          3
d - Petrify               Tmut/Erth      23%        N/A       16%         4
e - Freeze                Ice            92%        1d9       1%          1
f - Lesser Beckoning      Tloc           46%        N/A       2%          2
g - Scorch                Fire           46%        2d6       2%          2
Your spell library was empty.

Dungeon Overview and Level Annotations

Branches:
Dungeon (4/15)             Temple (1/1) D:4

Altars:
Ashenzari
Cheibriados
Elyvilon
Fedhas
Gozag
Hepliaklqana
Nemelex Xobeh
Okawaru
Ru
Trog
Uskayaw
Wu Jian
Xom
Yredelemnul
Zin
The Shining One

Annotations:
D:4 Duvessa


Innate Abilities, Weirdness & Mutations

You are immune to sickness and miasma.
You are immune to poison.
Your flesh is very heat resistant. (rF++)
You are vulnerable to cold. (rC-)
You float through the air rather than walking.
You learn spells naturally, not from books.
Your magical power is your life essence.
You have superior vitality. (+4 MHP)


Message History

The stone arrow hits the orc priest!!
You kill the orc priest!
* * * LOW HITPOINT WARNING * * *
You start resting.
HP restored.
There is an open door, spattered with blood here.
Items here: ))) [ ††.
You reach down and open the door.
Dowan, Brother of Duvessa comes into view.
He is wielding a +0 dagger and carrying a wand of light (11).
There is an open door here.
Casting: Stone Arrow (dangerous; 4% risk of failure)
Confirm with . or Enter, or press ? or * to list all spells.
The spell is quite dangerous to miscast (17% risk of failure)!
Continue anyway?
Aiming: Petrify (quite dangerous; 17% risk of failure)
Press: ? - help, Shift-Dir - straight line, f - Dowan
Aim: Dowan, wielding a +0 dagger, wearing a +0 robe and carrying a wand of light (11) (asleep, chance to affect: 55%) Dowan shouts!
Dowan is moving more slowly.
You hear a shout!
Dowan zaps a wand.
The bolt of light misses you.
Casting: Petrify (quite dangerous; 17% risk of failure)
Confirm with . or Enter, or press ? or * to list all spells.
Aiming: Stone Arrow (dangerous; 4% risk of failure)
Press: ? - help, Shift-Dir - straight line, f/p - Dowan
Aim: Dowan, wielding a +0 dagger, wearing a +0 robe and carrying a wand of light (10) (petrifying slowly, 100% to hit)
The stone arrow hits Dowan!
Dowan is moderately wounded.
Casting: Stone Arrow (dangerous; 4% risk of failure)
Confirm with . or Enter, or press ? or * to list all spells.
Aiming: Stone Arrow (dangerous; 4% risk of failure)
Press: ? - help, Shift-Dir - straight line, f/p - Dowan
Aim: Dowan, wielding a +0 dagger, wearing a +0 robe and carrying a wand of light (10) (moderately wounded, petrifying slowly, 100% to hit)
The stone arrow hits Dowan!!
Dowan is almost dead.
Dowan zaps a wand.
The bolt of light misses you.
Casting: Stone Arrow (dangerous; 4% risk of failure)
Confirm with . or Enter, or press ? or * to list all spells.
Aiming: Stone Arrow (dangerous; 4% risk of failure)
Press: ? - help, Shift-Dir - straight line, f/p - Dowan
Aim: Dowan, wielding a +0 dagger, wearing a +0 robe and carrying a wand of light (9) (almost dead, petrifying slowly, 100% to hit)
The stone arrow hits Dowan!
You kill Dowan!
You hear a distant scream of rage.
Duvessa, Sister of Dowan comes into view.
She is wielding a +0 rapier.
Casting: Stone Arrow (dangerous; 4% risk of failure)
Confirm with . or Enter, or press ? or * to list all spells.
The spell is quite dangerous to miscast (16% risk of failure)!
Continue anyway?
Aiming: Petrify (quite dangerous; 16% risk of failure)
Press: ? - help, Shift-Dir - straight line, f - Duvessa
Aim: Duvessa, wielding a +0 rapier and wearing a +3 leather armour (wandering, hasn't noticed you, chance to affect: 37%)
You miscast Petrify.
You are very lightly contaminated with residual magic.
Nothing appears to happen.
Duvessa shouts!
Duvessa goes berserk!
Casting: Petrify (quite dangerous; 16% risk of failure)
Confirm with . or Enter, or press ? or * to list all spells.
The spell is quite dangerous to miscast (16% risk of failure)!
Continue anyway?
Aiming: Petrify (quite dangerous; 16% risk of failure)
Press: ? - help, Shift-Dir - straight line, f/p - Duvessa
Aim: Duvessa, wielding a +0 rapier and wearing a +3 leather armour (berserk, chance to affect: 37%) Duvessa is moving more slowly.
Casting: Petrify (quite dangerous; 16% risk of failure)
Confirm with . or Enter, or press ? or * to list all spells.
Aiming: Stone Arrow (dangerous; 4% risk of failure)
Press: ? - help, Shift-Dir - straight line, f/p - Duvessa
Aim: Duvessa, wielding a +0 rapier and wearing a +3 leather armour (berserk, petrifying slowly, 100% to hit)
The stone arrow hits Duvessa!
Duvessa is lightly wounded.
Casting: Stone Arrow (dangerous; 4% risk of failure)
Confirm with . or Enter, or press ? or * to list all spells.
Aiming: Stone Arrow (dangerous; 4% risk of failure)
Press: ? - help, Shift-Dir - straight line, f/p - Duvessa
Aim: Duvessa, wielding a +0 rapier and wearing a +3 leather armour (lightly wounded, berserk, petrifying slowly, 100% to hit)
The stone arrow hits Duvessa!
Duvessa is moderately wounded.
* * * LOW HITPOINT WARNING * * *
Duvessa completely misses you. Duvessa barely misses you.
Casting: Stone Arrow (dangerous; 4% risk of failure)
Confirm with . or Enter, or press ? or * to list all spells.
Aiming: Stone Arrow (dangerous; 4% risk of failure)
Press: ? - help, Shift-Dir - straight line, f/p - Duvessa
Aim: Duvessa, wielding a +0 rapier and wearing a +3 leather armour (moderately wounded, berserk, petrifying slowly, 100% to hit)
The stone arrow hits Duvessa!!
Duvessa is severely wounded.
* * * LOW HITPOINT WARNING * * *
Duvessa hits you with a +0 rapier!
* * * LOW HITPOINT WARNING * * *
Casting: Stone Arrow (dangerous; 4% risk of failure)
Confirm with . or Enter, or press ? or * to list all spells.
Aiming: Stone Arrow (dangerous; 4% risk of failure)
Press: ? - help, Shift-Dir - straight line, f/p - Duvessa
Aim: Duvessa, wielding a +0 rapier and wearing a +3 leather armour (severely wounded, berserk, petrifying slowly, 100% to hit)
The stone arrow hits Duvessa!
Duvessa is severely wounded.
* * * LOW HITPOINT WARNING * * *
Duvessa hits you with a +0 rapier!
You die...

...... ......
###### #. # #.
#####. #.
......+####)###
+.
........e......
#. ###@### #.
#.....## ..
##.....## ...
##.....## #...
##.....##
##.....#
###)##### .+#
#.)...#.## #...
#..†..#..##
#...


You could see Duvessa (berserk, petrifying).

Vanquished Creatures
  A phantom (D:4)
  2 scorpions (D:4)
  Dowan (D:4)
  A hound (D:4)
  3 orc priests (D:4)
  An iguana (D:4)
  An orc wizard (D:4)
  4 gnolls (D:4)
  3 adders
  4 worms
  6 dart slugs
  11 orcs
  7 endoplasms
  4 giant cockroaches
  11 goblins
  7 hobgoblins
  7 quokkas
  5 ball pythons
  7 bats
  2 frilled lizards
  11 kobolds
  4 rats
103 creatures vanquished.

Vanquished Creatures (others)
  A hobgoblin (D:3)
  A quokka (D:3)
2 creatures vanquished.

Grand Total: 105 creatures vanquished

Notes
Turn   | Place    | Note
-------+----------+-------------------------------------------
     0 | D:1      | RascalDebosk the Djinni Earth Elementalist began the quest
                  | for the Orb.
     0 | D:1      | RascalDebosk set off with the following spells memorised:
                  | Sandblast, Passwall, Stone Arrow, Petrify.
     0 | D:1      | Reached XP level 1. HP: 15/15 MP: 0/0
   103 | D:1      | Reached XP level 2. HP: 19/21 MP: 0/0
   128 | D:1      | Reached skill level 3 in Spellcasting
   222 | D:1      | Reached XP level 3. HP: 24/25 MP: 0/0
   222 | D:1      | Learned a level 1 spell: Freeze
   350 | D:1      | Found a faded altar of an unknown god.
   731 | D:2      | Reached XP level 4. HP: 30/31 MP: 0/0
  1172 | D:2      | Identified the ring of Trepidation {rF++ rC- rN+ Dex+3
                  | SInv}
  1513 | D:3      | Reached skill level 4 in Spellcasting
  1754 | D:3      | Reached XP level 5. HP: 35/36 MP: 0/0
  1754 | D:3      | Learned a level 2 spell: Lesser Beckoning
  1987 | D:3      | Found a white marble altar of Elyvilon.
  2257 | D:4      | Reached skill level 1 in Fighting
  2271 | D:4      | Reached skill level 1 in Armour
  2271 | D:4      | Reached skill level 1 in Evocations
  2419 | D:4      | Reached XP level 6. HP: 36/43 MP: 0/0
  2722 | D:4      | Found a staircase to the Ecumenical Temple.
  2785 | Temple   | Entered the Ecumenical Temple
  2875 | Temple   | Became a worshipper of Ashenzari the Shackled
  3136 | D:4      | Reached XP level 7. HP: 12/50 MP: 0/0
  3136 | D:4      | Learned a level 2 spell: Scorch
  3548 | D:4      | Noticed Dowan
  3552 | D:4      | Killed Dowan
  3552 | D:4      | Noticed Duvessa
  3558 | D:4      | Mangled by Duvessa

Illustrated notes

Levels and vault maps discovered:
D:1:      amcnicky_arrival_wind_blow, layout_rooms,
          shapermc_ecumenical_altar_mp_urbaneastern, minmay_ruptured
D:2:      layout_basic, serial_rivers, chequers_serial_rivers_micro_d,
          chequers_serial_rivers_micro_d, chequers_serial_rivers_micro_a,
          chequers_serial_rivers_room_b, grunt_decor_cap, kennysheep_path_1
D:3:      layout_loops_cross, elyvilon_altar_4, minmay_splitting_lines,
          grunt_decor_clamped, patterned_corridor
D:4:      layout_basic, nicolae_overflow_hidden_temple,
          minmay_temple_entry_statues_pillars, minmay_quadrilaterals,
          uniq_duvessa
Temple:   mainiacjoe_temple_bowtie_tessellation

Skill      XL: |  1  2  3  4  5  6  7 |
---------------+----------------------+-----
Spellcasting   | 3 4 |  4.9
Fighting       | 1 3 |  3.6
Armour         | 1 2 |  2.2
Evocations     | 1 2 |  2.3
Dodging        | |  2.1
Stealth        | |  1.5

Action                     |  1- 3 |  4- 6 |  7- 9 || total
---------------------------+-------+-------+-------++-------
   Cast: Sandblast         |    51 |    94 |     9 ||   154
         Stone Arrow       |       |     7 |    13 ||    20
         Scorch            |       |       |     3 ||     3
         Petrify           |       |       |     2 ||     2
 Armour: Robe              |       |     7 |     3 ||    10
  Dodge: Dodged            |     9 |    27 |    14 ||    50
